 Dungeon Sprint DCSS version 0.18-a0-1435-gee79d65 (webtiles) character file.

275 geek the Grappler (level 6, -4/63 HPs)
             Began as a Troll Monk on Feb 28, 2016.
             Slain by an ogre
             ... wielding a +0 giant spiked club
              (21 damage)
             ... in the Dungeon (Sprint IX: "|||||||||||||||||||||||||||||").
             The game lasted 00:00:36 (155 turns).

geek the Grappler (Troll Monk)                       Turns: 155, Time: 00:00:36

Health: -4/63      AC:  5    Str: 22    XL:     6   Next: 3%
Magic:  5/5        EV: 11    Int:  6    God:
Gold:   0          SH:  0    Dex: 12    Spells: 0 memorised, 5 levels left

rFire  . . .     SeeInvis .       - Unarmed
rCold  . . .     Gourm    +     a - +0 robe
rNeg   . . .     Faith    .     (no shield)
rPois  .         Spirit   .     (helmet restricted)
rElec  .         Dismiss  .     (no cloak)
rCorr  .         Reflect  .     (gloves unavailable)
SustAt .         Harm     .     (boots unavailable)
MR     .....     NoTele   +     (no amulet)
Stlth  +.........               (no ring)
                                (no ring)

@: very slightly contaminated, hasted, very quick, not resistant to hostile
enchantments, very unstealthy
A: unfitting armour, claws 3, fast metabolism 3, gourmand, regeneration 2,
shaggy fur 1, tough skin 2
a: no special abilities


You were in the Dungeon.
You were not hungry.

You visited 1 branch

Inventory:

Armour
 a - a +0 robe (worn)
Jewellery
 l - a +2 ring of evasion
 m - a +3 ring of dexterity
Wands
 k - a wand of iceblast (7/15)
Scrolls
 h - 2 scrolls of blinking
 i - 3 scrolls of remove curse
 j - 2 scrolls of amnesia
Potions
 c - 5 potions of curing
 d - 3 potions of heal wounds
 f - 4 potions of magic
 g - a potion of invisibility
Comestibles
 b - 2 bread rations


   Skills:
 + Level 4.7 Fighting
 + Level 4.9 Dodging
 - Level 1.1 Stealth
 * Level 11.0 Unarmed Combat


You had 5 spell levels left.
You didn't know any spells.

Dungeon Overview and Level Annotations

Branches:
Dungeon (1/1)

Altars:
Cheibriados
Dithmenos
Elyvilon
Fedhas
Gozag
Kikubaaqudgha
Makhleb
Nemelex Xobeh
Okawaru
Pakellas
Qazlal
Ru
Sif Muna
Trog
Vehumet
Xom
Yredelemnul
Zin
The Shining One
Beogh
Jiyva
Lugonu


Innate Abilities, Weirdness & Mutations

You are too large for most types of armour.
You have claws for hands.
Your metabolism is lightning-fast.
You like to eat raw meat.
You heal very quickly.
You are covered in fur (AC +1).
You have very tough skin (AC +2).


Message History

The ogre hits you with a giant spiked club.
* * * LOW HITPOINT WARNING * * *
Unknown command.
You are too injured to fight recklessly!
Unknown command.
You are too injured to fight recklessly!
You are too injured to fight recklessly!
Unknown command.
Unknown command.
You are too injured to fight recklessly!
You are too injured to fight recklessly!
You scratch the ogre.
The ogre is lightly wounded.
You claw the ogre!
The ogre is moderately wounded.
Unknown command.
You claw the ogre!
The ogre is severely wounded.
The ogre hits you with a giant spiked club!!
You die... ▓▓▓▓▓▓▓▓▓▓▓▓▓▓▓▓▓▓▓▓▓▓▓▓ +....aO@..[[[)|..'______ ▓▓▓▓▓▓▓▓▓▓▓▓▓▓▓▓▓▓▓▓▓▓▓▓

You could see an ogre and a worker ant.

Vanquished Creatures
  A wyvern (D)
  2 crimson imps (D)
  A hound (D)
  2 adders (D)
  A ball python (D)
  A bat skeleton (D)
  A bat zombie (D)
  A giant cockroach (D)
  2 hobgoblins (D)
  2 bats (D)
14 creatures vanquished.

Notes
Turn   | Place    | Note
--------------------------------------------------------------
     0 | D        | geek the Troll Monk began the quest for the Orb.
     0 | D        | Reached XP level 1. HP: 22/22 MP: 0/0
    17 | D        | Reached skill level 5 in Unarmed Combat
    70 | D        | Noticed a hound
    70 | D        | Noticed a crimson imp
    77 | D        | Killed a crimson imp
    77 | D        | Reached skill level 6 in Unarmed Combat
    77 | D        | Reached XP level 2. HP: 29/31 MP: 1/1
    77 | D        | Reached XP level 3. HP: 34/37 MP: 2/2
    82 | D        | Reached skill level 7 in Unarmed Combat
    82 | D        | Reached XP level 4. HP: 45/45 MP: 3/3
    99 | D        | Found a glowing silver altar of Zin.
    99 | D        | Found a glowing golden altar of the Shining One.
    99 | D        | Found an ancient bone altar of Kikubaaqudgha.
    99 | D        | Found a basalt altar of Yredelemnul.
    99 | D        | Found a shimmering altar of Xom.
    99 | D        | Found a radiant altar of Vehumet.
   100 | D        | Found an iron altar of Okawaru.
   101 | D        | Found a burning altar of Makhleb.
   102 | D        | Found a deep blue altar of Sif Muna.
   103 | D        | Found a bloodstained altar of Trog.
   104 | D        | Found a sparkling altar of Nemelex Xobeh.
   105 | D        | Found a white marble altar of Elyvilon.
   106 | D        | Found a roughly hewn altar of Beogh.
   107 | D        | Found a viscous altar of Jiyva.
   108 | D        | Found a corrupted altar of Lugonu.
   109 | D        | Found a blossoming altar of Fedhas.
   110 | D        | Found a snail-covered altar of Cheibriados.
   111 | D        | Found a shadowy altar of Dithmenos.
   112 | D        | Found a stormy altar of Qazlal.
   113 | D        | Found an opulent altar of Gozag.
   114 | D        | Found a sacrificial altar of Ru.
   115 | D        | Found an oddly glowing altar of Pakellas.
   139 | D        | Noticed an ogre
   139 | D        | Noticed a wyvern
   143 | D        | Reached skill level 8 in Unarmed Combat
   147 | D        | Killed a wyvern
   147 | D        | Reached skill level 10 in Unarmed Combat
   147 | D        | Reached XP level 5. HP: 17/55 MP: 4/4
   150 | D        | Reached skill level 11 in Unarmed Combat
   150 | D        | Reached XP level 6. HP: 20/63 MP: 5/5
   155 | D        | Slain by an ogre

Vault maps used:
D:        linesprint

Skill      XL: |  1  2  3  4  5 |
---------------+----------------+-----
Unarmed Combat | 6 7 10 11 | 11.0
Fighting       | 3 4 |  4.7
Dodging        | 3 4 |  4.9
Stealth        | |  1.1

Action                   |  1- 3 |  4- 6 || total
-------------------------+-------+-------++-------
Melee: Unarmed           |    22 |    16 ||    38
  Use: Potion            |     1 |     1 ||     2
